 Dungeon Crawl Stone Soup version 0.27-a0-61-g21144fbd99 (webtiles) character file.

Game seed: 12383649334158792606

240 thedisplayname the Slasher (level 5, -2/42 HPs)
             Began as a Demonspawn Monk on Jan 8, 2021.
             Slain by a worker ant (7 damage)
             ... on level 4 of the Dungeon.
             The game lasted 00:05:25 (3008 turns).

thedisplayname the Slasher (Demonspawn Monk)        Turns: 3008, Time: 00:05:26

Health: -2/42      AC:  6    Str: 15    XL:     5   Next: 80%
Magic:  5/5        EV: 14    Int: 11    God:
Gold:   159        SH:  0    Dex: 15    Spells: 4/4 levels left

rFire    . . .     SeeInvis .   a - +0 falchion
rCold    . . .     Faith    .   (no shield)
rNeg     . . .     Spirit   .   l - +1 ring mail
rPois    +         Reflect  .   (no helmet)
rElec    .         Harm     .   (no cloak)
rCorr    .         Rampage  .   (no gloves)
Will     .....     Clarity  +   (no boots)
Stlth    ++........             (no amulet)
HPRegen  0.14/turn              m - ring of poison resistance
MPRegen  0.09/turn              (no ring)

@: no status effects
A: repulsion field 1, clarity, powered by pain 1, strong 1, miasma immunity
a: no special abilities


You were on level 4 of the Dungeon.
You visited 1 branch of the dungeon, and saw 4 of its levels.

You collected 159 gold pieces.

Inventory:

Hand Weapons
 a - a +0 falchion (weapon)
Armour
 b - a +0 robe
 l - a +1 ring mail (worn)
Jewellery
 m - a ring of poison resistance (left hand)
Scrolls
 c - a scroll of random uselessness {unknown}
 d - 2 scrolls of fear {unknown}
 e - 2 scrolls of identify
 h - 2 scrolls of teleportation


   Skills:
 + Level 4.0 Fighting
 + Level 4.4 Long Blades
 + Level 1.2 Armour
 + Level 3.3 Dodging
 + Level 2.7 Stealth


You had 4 spell levels left.
You didn't know any spells.
Your spell library was empty.

Dungeon Overview and Level Annotations

Branches:
Dungeon (3/15)

Altars:
Gozag
Nemelex Xobeh


Innate Abilities, Weirdness & Mutations

You are surrounded by a mild repulsion field. (EV +2)
You sometimes gain a little power by taking damage.
You are immune to miasma.
You possess an exceptional clarity of mind.
Your muscles are strong. (Str +2)


Message History

You hit the worker ant.
The worker ant is lightly wounded.
The worker ant misses you.
You riposte.
You hit the worker ant.
The worker ant is moderately wounded.
You hit the worker ant.
The worker ant is heavily wounded.
The worker ant bites you but does no damage.
The worker ant bites you.
* * * LOW HITPOINT WARNING * * *
You closely miss the worker ant.
The worker ant is heavily wounded.
The worker ant closely misses you.
You hit the worker ant.
The worker ant is severely wounded.
The worker ant bites you.
* * * LOW HITPOINT WARNING * * *
You barely miss the worker ant.
The worker ant is severely wounded.
The worker ant bites you!
You die...

##..###........ ##..###
#...... ##.....########
###...........########.
#.†.####..............
...### ###....#.....#
... #.......#...# ...
#...........# ...
#.....B@....# ...
#...........# ..#
#...........# .#
##..........#
##.........#
##$.......# ###..?...#
##......


You could see a worker ant.

Vanquished Creatures
  Sigmund (D:3)
  4 adders
  A worm (D:2)
  2 dart slugs
  A leopard gecko (D:4)
  5 bats
  3 giant cockroaches
  5 goblins
  6 hobgoblins
  10 jackals
  A quokka (D:2)
  4 frilled lizards
  5 kobolds
  2 rats
50 creatures vanquished.

Notes
Turn   | Place    | Note
-------+----------+-------------------------------------------
     0 | D:1      | thedisplayname the Demonspawn Monk began the quest for the
                  | Orb.
     0 | D:1      | Reached XP level 1. HP: 18/18 MP: 1/1
   188 | D:1      | Gained mutation: You sometimes gain a little power by
                  | taking damage. [demonic ancestry]
   188 | D:1      | Reached XP level 2. HP: 13/24 MP: 2/2
  1204 | D:1      | Gained mutation: You are surrounded by a mild repulsion
                  | field. (EV +2) [demonic ancestry]
  1204 | D:1      | Reached XP level 3. HP: 29/29 MP: 3/3
  1509 | D:2      | HP: 1/29 [worm (4)]
  2426 | D:2      | Gained mutation: You are immune to miasma. [demonic
                  | ancestry]
  2426 | D:2      | Reached XP level 4. HP: 25/35 MP: 4/4
  2557 | D:2      | Gained mutation: Your muscles are strong. (Str +2) [potion
                  | of mutation]
  2557 | D:2      | Gained mutation: You possess an exceptional clarity of
                  | mind. [potion of mutation]
  2633 | D:3      | Found an opulent altar of Gozag.
  2633 | D:3      | Found a sparkling altar of Nemelex Xobeh.
  2726 | D:3      | Noticed Sigmund
  2747 | D:3      | Killed Sigmund
  2748 | D:3      | Reached skill level 1 in Armour
  2748 | D:3      | Reached XP level 5. HP: 24/42 MP: 5/5
  2888 | D:3      | You fall into a shaft and drop 1 floor!
  3008 | D:4      | Slain by a worker ant

Illustrated notes

Levels and vault maps discovered:
D:1:      scummos_arrival_simple_crosswalls, layout_basic
D:2:      layout_basic, minmay_misc_feat_enclosed
D:3:      minmay_razor_zed, layout_loops_ring, grunt_temple_overflow_opulence,
          uniq_sigmund
D:4:      layout_cave_pods

Skill      XL: |  1  2  3  4 |
---------------+-------------+-----
Long Blades    | 3 4 |  4.4
Stealth        | 2 |  2.7
Dodging        | 3 |  3.3
Fighting       | 4 |  4.0
Armour         | 1 |  1.2

Action                   |  1- 3 |  4- 6 || total
-------------------------+-------+-------++-------
Melee: Falchion          |   137 |    43 ||   180
  Use: Scroll            |     7 |     1 ||     8
       Potion            |     3 |     4 ||     7
 Stab: Distracted        |     2 |       ||     2
       Sleeping          |     4 |     2 ||     6
Armor: Robe              |    18 |       ||    18
       Ring mail         |    18 |    11 ||    29
Dodge: Dodged            |   138 |    34 ||   172
       Rpst.: Falchion   |    43 |    18 ||    61

Table legend: (Time is in decaauts)
 A = Elapsed time spent in this place.
 B = Non-inter-level travel time spent in this place.
 C = Inter-level travel time spent in this place.
 D = Time resting spent in this place.
 E = Time spent auto-exploring this place.
 F = Levels seen in this place.
 G = Mean time per level.
                   A        B        C        D        E       F      G
               +--------+--------+--------+--------+--------+-----+--------+
         Total |   3030 |   3015 |     15 |    961 |   1515 |   4 |  757.5 |
       Dungeon |   3030 |   3015 |     15 |    961 |   1515 |   4 |  757.5 |
               +--------+--------+--------+--------+--------+-----+--------+

Top non-repeatable levels by time:
     D:1: 1407 daAuts
     D:2: 1171 daAuts
     D:3: 330 daAuts
     D:4: 120 daAuts
